[ AOE2 MATCH · #505743695 ]
UnrankedChinese vs Italians
Player's team · WIN
Rival team · LOSS
[ REPLAY ANALYSIS · EXTRACTED FROM THE RECORDED GAME ]
Feudal
8:20
Castle
17:56
Imperial
34:09
| APM avg | 70.9 |
| APM peak | 105 |
| eAPM avg | 28.2 |
| Villagers / military | 122 / 51 |
Focus
⚔️ 33.5% · 🌾 66.5%
Archer ×37 · Iron Pagoda ×5 · Monk ×4 · Trebuchet (Packed) ×2 · Militia ×1 · Spearman ×1
Feudal
12:27
Castle
16:22
Imperial
31:27
| APM avg | 46.3 |
| APM peak | 78 |
| eAPM avg | 24.1 |
| Villagers / military | 102 / 64 |
Focus
⚔️ 38.0% · 🌾 62.0%
Archer ×48 · Bombard Cannon ×6 · Mangonel ×5 · Militia ×4 · Trebuchet (Packed) ×1
Match map
Initial resources + every placement click. Lines = walls · curves = elevation contours. ◆ gold · ⬟ stone · ● berries · ✦ relic · ◌ wall gap
Your base· ✓ Closed at 17:56 · 35t walls · 1 gate(s)
DaddySt4rk's base· ✓ Closed at 16:22 · 47t walls · 1 gate(s)
Smoothed initial terrain · ◌ = detected wall gap · hover for details
Inputs per minute
— ThunderboltX - - DaddySt4rk
Build order — ThunderboltX
First 150 of 317 actions detected
| 0:00 | Research | Loom |
| 0:00 | Research | Loom |
| 0:38 | Create | Villager (Male) |
| 0:38 | Create | Villager (Male) |
| 1:06 | Create | Villager (Male) |
| 1:06 | Create | Villager (Male) |
| 1:30 | Create | Villager (Male) |
| 1:52 | Create | Villager (Male) |
| 2:14 | Build | Lumber Camp |
| 2:21 | Create | Villager (Male) |
| 2:37 | Create | Villager (Male) |
| 2:55 | Create | Villager (Male) |
| 3:03 | Build | House |
| 3:09 | Build | House |
| 3:11 | Create | Villager (Male) |
| 3:48 | Create | Villager (Male) |
| 4:07 | Create | Villager (Male) |
| 4:11 | Create | Villager (Male) |
| 4:41 | Build | Mill |
| 5:05 | Create | Villager (Male) |
| 5:20 | Create | Villager (Male) |
| 5:29 | Build | House |
| 6:07 | Create | Villager (Male) |
| 6:10 | Research | Feudal Age |
| 7:39 | Build | Barracks |
| 7:43 | Create | Villager (Male) |
| 8:20 | Age | Feudal Age |
| 8:24 | Build | Palisade Wall |
| 8:25 | Build | Palisade Wall |
| 8:27 | Build | Palisade Wall |
| 8:28 | Build | Palisade Wall |
| 8:31 | Build | Palisade Wall |
| 8:36 | Research | Double-Bit Axe |
| 8:37 | Build | Archery Range |
| 8:38 | Create | Villager (Male) |
| 9:00 | Build | House |
| 9:06 | Create | Villager (Male) |
| 9:16 | Build | House |
| 9:17 | Create | Skirmisher |
| 9:21 | Create | Archer |
| 9:22 | Create | Villager (Male) |
| 9:26 | Build | Mill |
| 9:37 | Create | Villager (Male) |
| 9:39 | Create | Spearman |
| 9:44 | Build | Palisade Wall |
| 9:48 | Create | Villager (Male) |
| 9:54 | Build | Farm |
| 10:07 | Create | Villager (Male) |
| 10:10 | Build | Palisade Wall |
| 10:18 | Build | Farm |
| 10:29 | Build | Palisade Wall |
| 10:31 | Build | Palisade Wall |
| 10:48 | Create | Villager (Male) |
| 10:53 | Build | Farm |
| 10:54 | Build | Farm |
| 11:02 | Build | Palisade Wall |
| 11:11 | Create | Villager (Male) |
| 11:19 | Build | Farm |
| 11:40 | Build | Palisade Gate |
| 11:56 | Create | Villager (Male) |
| 11:58 | Build | Mining Camp |
| 12:24 | Create | Villager (Male) |
| 12:35 | Build | Blacksmith |
| 12:37 | Build | House |
| 12:41 | Build | Farm |
| 12:50 | Create | Villager (Male) |
| 12:53 | Build | Farm |
| 12:58 | Create | Villager (Male) |
| 13:08 | Create | Archer |
| 13:11 | Create | Villager (Male) |
| 13:14 | Build | House |
| 13:35 | Build | Farm |
| 13:42 | Create | Archer |
| 13:58 | Build | Farm |
| 14:03 | Create | Villager (Male) |
| 14:06 | Create | Archer |
| 14:11 | Build | Farm |
| 14:30 | Build | Farm |
| 14:34 | Create | Villager (Male) |
| 14:36 | Create | Archer |
| 15:16 | Research | Castle Age |
| 15:16 | Research | Castle Age |
| 15:33 | Build | Archery Range |
| 15:44 | Research | Man-at-Arms (upgrade) |
| 15:44 | Create | Militia |
| 15:47 | Research | Horse Collar |
| 15:56 | Create | Archer |
| 16:03 | Research | Fletching |
| 16:18 | Create | Archer |
| 16:34 | Build | House |
| 16:39 | Create | Archer |
| 16:51 | Build | Lumber Camp |
| 16:55 | Build | House |
| 17:03 | Create | Villager (Male) |
| 17:22 | Build | House |
| 17:31 | Create | Archer |
| 17:31 | Create | Archer |
| 17:56 | Age | Castle Age |
| 17:58 | Build | House |
| 18:00 | Research | Padded Archer Armor |
| 18:00 | Research | Bodkin Arrow |
| 18:04 | Research | Crossbowman (upgrade) |
| 18:13 | Build | Market |
| 18:17 | Create | Archer |
| 18:17 | Create | Archer |
| 18:18 | Create | Villager (Male) |
| 18:28 | Create | Archer |
| 18:28 | Create | Archer |
| 18:29 | Create | Villager (Male) |
| 18:44 | Build | House |
| 18:46 | Create | Villager (Male) |
| 18:54 | Build | House |
| 19:00 | Create | Archer |
| 19:00 | Create | Archer |
| 19:09 | Create | Villager (Male) |
| 19:17 | Research | Padded Archer Armor |
| 19:18 | Research | Bow Saw |
| 19:21 | Build | House |
| 19:49 | Create | Villager (Male) |
| 19:51 | Build | House |
| 19:55 | Create | Archer |
| 19:55 | Create | Archer |
| 20:06 | Build | Farm |
| 20:13 | Create | Archer |
| 20:13 | Create | Archer |
| 20:14 | Create | Villager (Male) |
| 20:25 | Research | Wheelbarrow |
| 20:25 | Research | Wheelbarrow |
| 20:31 | Build | Palisade Gate |
| 20:33 | Create | Archer |
| 20:46 | Build | House |
| 20:49 | Create | Villager (Male) |
| 20:52 | Build | Farm |
| 21:10 | Build | House |
| 21:29 | Create | Villager (Male) |
| 21:34 | Build | Town Center |
| 21:42 | Create | Archer |
| 21:42 | Create | Archer |
| 21:55 | Research | Town Watch |
| 21:57 | Create | Villager (Male) |
| 22:05 | Create | Villager (Male) |
| 22:14 | Build | Farm |
| 22:14 | Build | Farm |
| 22:22 | Build | Farm |
| 22:22 | Build | Farm |
| 22:41 | Create | Villager (Male) |
| 22:55 | Build | Siege Workshop |
| 23:03 | Create | Villager (Male) |
| 23:03 | Create | Villager (Male) |
| 23:08 | Create | Archer |
Build order — DaddySt4rk
First 150 of 310 actions detected
| 0:03 | Create | Villager (Male) ×4 |
| 0:03 | Create | Villager (Male) ×4 |
| 0:04 | Build | House |
| 0:05 | Build | House |
| 1:27 | Create | Villager (Male) |
| 2:00 | Build | Lumber Camp |
| 2:04 | Create | Villager (Male) |
| 2:22 | Create | Villager (Male) |
| 2:50 | Create | Villager (Male) |
| 3:12 | Create | Villager (Male) |
| 3:38 | Create | Villager (Male) |
| 3:50 | Create | Villager (Male) |
| 4:02 | Build | House |
| 4:09 | Build | Palisade Wall |
| 4:10 | Build | Palisade Wall |
| 4:10 | Build | Palisade Wall |
| 4:15 | Build | Palisade Wall |
| 4:29 | Create | Villager (Male) |
| 4:47 | Build | Barracks |
| 5:03 | Create | Villager (Male) |
| 5:30 | Create | Villager (Male) |
| 5:50 | Build | House |
| 5:51 | Create | Militia |
| 5:51 | Create | Militia |
| 5:55 | Build | House |
| 5:57 | Create | Militia |
| 6:03 | Create | Villager (Male) |
| 6:12 | Build | Palisade Wall |
| 6:13 | Build | Palisade Wall |
| 6:14 | Build | Palisade Wall |
| 6:23 | Build | House |
| 6:26 | Build | Palisade Wall |
| 6:31 | Build | Palisade Wall |
| 6:32 | Create | Villager (Male) |
| 6:38 | Build | House |
| 6:40 | Build | Palisade Wall |
| 6:40 | Build | Palisade Wall |
| 6:40 | Build | Palisade Wall |
| 6:46 | Create | Villager (Male) |
| 7:00 | Create | Militia |
| 7:12 | Create | Villager (Male) |
| 7:35 | Create | Villager (Male) |
| 7:37 | Build | Mill |
| 7:38 | Create | Villager (Male) |
| 8:36 | Create | Villager (Male) |
| 8:37 | Build | Mill |
| 9:02 | Create | Villager (Male) |
| 9:26 | Create | Villager (Male) |
| 9:31 | Build | Farm |
| 9:33 | Build | Farm |
| 9:45 | Build | Farm |
| 9:47 | Create | Villager (Male) |
| 10:09 | Build | Farm |
| 10:17 | Research | Feudal Age |
| 10:30 | Build | Mining Camp |
| 11:14 | Create | Villager (Male) |
| 11:33 | Build | Palisade Wall |
| 12:27 | Age | Feudal Age |
| 12:36 | Build | Archery Range |
| 12:42 | Build | Blacksmith |
| 12:45 | Create | Villager (Male) |
| 12:45 | Research | Loom |
| 13:36 | Research | Castle Age |
| 13:43 | Create | Archer |
| 13:50 | Research | Double-Bit Axe |
| 14:08 | Build | Archery Range |
| 14:23 | Build | Palisade Gate |
| 14:27 | Create | Archer |
| 14:42 | Build | House |
| 14:48 | Create | Archer |
| 15:04 | Create | Archer |
| 15:07 | Research | Fletching |
| 15:39 | Build | Farm |
| 15:39 | Create | Archer |
| 15:40 | Create | Archer |
| 15:42 | Build | House |
| 15:52 | Build | Farm |
| 16:22 | Age | Castle Age |
| 16:23 | Create | Archer |
| 16:25 | Research | Crossbowman (upgrade) |
| 16:26 | Create | Villager (Male) |
| 16:27 | Research | Bow Saw |
| 16:48 | Create | Villager (Male) |
| 16:52 | Build | Farm |
| 16:54 | Build | Farm |
| 17:26 | Create | Villager (Male) |
| 17:28 | Build | Farm |
| 17:29 | Build | Farm |
| 17:34 | Build | Farm |
| 17:36 | Create | Archer |
| 17:37 | Create | Archer |
| 17:41 | Create | Archer |
| 17:41 | Create | Archer |
| 18:04 | Create | Villager (Male) |
| 18:06 | Build | House |
| 18:17 | Research | Bodkin Arrow |
| 18:18 | Research | Bodkin Arrow |
| 18:27 | Build | Lumber Camp |
| 18:33 | Create | Archer |
| 18:36 | Create | Villager (Male) |
| 18:51 | Build | House |
| 18:52 | Build | House |
| 18:55 | Build | Palisade Wall |
| 18:56 | Build | Palisade Wall |
| 18:58 | Create | Villager (Male) |
| 19:17 | Create | Villager (Male) |
| 19:41 | Create | Archer |
| 19:41 | Create | Archer |
| 19:48 | Create | Villager (Male) |
| 19:51 | Build | Siege Workshop |
| 19:59 | Create | Archer |
| 19:59 | Create | Archer |
| 20:19 | Research | Gold Mining |
| 20:22 | Create | Villager (Male) |
| 20:25 | Build | House |
| 20:28 | Build | House |
| 20:35 | Create | Mangonel |
| 20:39 | Create | Villager (Male) |
| 21:03 | Build | Town Center |
| 21:07 | Create | Villager (Male) |
| 21:09 | Create | Archer |
| 21:09 | Create | Archer |
| 21:23 | Research | Town Watch |
| 21:26 | Build | House |
| 21:28 | Build | House |
| 21:34 | Build | House |
| 21:39 | Create | Archer |
| 21:39 | Create | Archer |
| 21:54 | Create | Mangonel |
| 21:59 | Build | House |
| 22:03 | Build | House |
| 22:08 | Create | Villager (Male) |
| 22:10 | Create | Villager (Male) |
| 22:18 | Create | Villager (Male) |
| 22:20 | Build | Farm |
| 22:24 | Build | Farm |
| 22:39 | Create | Archer |
| 22:39 | Create | Archer |
| 22:39 | Create | Villager (Male) |
| 22:41 | Build | Farm |
| 22:44 | Build | Farm |
| 22:47 | Create | Villager (Male) |
| 22:47 | Create | Villager (Male) |
| 22:50 | Build | Farm |
| 23:14 | Create | Villager (Male) |
| 23:14 | Create | Villager (Male) |
| 23:15 | Create | Archer |
| 23:15 | Create | Archer |
| 23:24 | Build | Farm |
| 23:25 | Build | Farm |
Match timeline
| 4:09 | DaddySt4rk · wall_segment Palisade Wall x1 |
| 4:10 | DaddySt4rk · wall_segment Palisade Wall x1 |
| 4:10 | DaddySt4rk · wall_segment Palisade Wall x1 |
| 4:15 | DaddySt4rk · wall_segment Palisade Wall x1 |
| 4:47 | DaddySt4rk · first_building Barracks |
| 6:12 | DaddySt4rk · wall_segment Palisade Wall x1 |
| 6:13 | DaddySt4rk · wall_segment Palisade Wall x1 |
| 6:14 | DaddySt4rk · wall_segment Palisade Wall x6 |
| 6:26 | DaddySt4rk · wall_segment Palisade Wall x23 |
| 6:31 | DaddySt4rk · wall_segment Palisade Wall x4 |
| 6:40 | DaddySt4rk · wall_segment Palisade Wall x1 |
| 6:40 | DaddySt4rk · wall_segment Palisade Wall x1 |
| 6:40 | DaddySt4rk · wall_segment Palisade Wall x1 |
| 7:39 | ThunderboltX · first_building Barracks |
| 8:20 | ThunderboltX · age_up feudal |
| 8:24 | ThunderboltX · wall_segment Palisade Wall x1 |
| 8:25 | ThunderboltX · wall_segment Palisade Wall x1 |
| 8:27 | ThunderboltX · wall_segment Palisade Wall x1 |
| 8:28 | ThunderboltX · wall_segment Palisade Wall x1 |
| 8:31 | ThunderboltX · wall_segment Palisade Wall x1 |
| 8:37 | ThunderboltX · first_building Archery Range |
| 9:44 | ThunderboltX · wall_segment Palisade Wall x8 |
| 10:10 | ThunderboltX · wall_segment Palisade Wall x4 |
| 10:29 | ThunderboltX · wall_segment Palisade Wall x1 |
| 10:31 | ThunderboltX · wall_segment Palisade Wall x3 |
| 11:02 | ThunderboltX · wall_segment Palisade Wall x14 |
| 11:33 | DaddySt4rk · wall_segment Palisade Wall x8 |
| 12:27 | DaddySt4rk · age_up feudal |
| 12:36 | DaddySt4rk · first_building Archery Range |
| 16:22 | DaddySt4rk · age_up castle |
| 17:56 | ThunderboltX · age_up castle |
| 18:55 | DaddySt4rk · wall_segment Palisade Wall x1 |
| 18:56 | DaddySt4rk · wall_segment Palisade Wall x1 |
| 19:51 | DaddySt4rk · first_building Siege Workshop |
| 22:55 | ThunderboltX · first_building Siege Workshop |
| 23:05 | ThunderboltX · first_market_buy 100 wood |
| 26:53 | ThunderboltX · first_building Monastery |
| 29:58 | ThunderboltX · first_building Castle |
| 31:12 | DaddySt4rk · wall_segment Stone Wall x1 |
| 31:13 | DaddySt4rk · wall_segment Stone Wall x1 |
| 31:13 | DaddySt4rk · wall_segment Stone Wall x1 |
| 31:27 | DaddySt4rk · age_up imperial |
| 31:31 | DaddySt4rk · wall_segment Stone Wall x1 |
| 34:09 | ThunderboltX · age_up imperial |
| 34:39 | DaddySt4rk · first_building Castle |
| 35:23 | DaddySt4rk · first_market_sell 500 stone |
| 36:31 | DaddySt4rk · resign |
[ AI ANALYSIS · 1 CREDIT ]
What really happened in this match?
Wolo.gg analyzes every decision: build order, eco, micro, common mistakes by bracket. Personalized analysis on WhatsApp or Discord in 30 seconds.
Civ guide
Chinese
Perfil
Jugador #25183359